| TOP OF THE 1ST |
|
Kelowna Heat batting - Pitching for Joplin Blasters : LHP Ben Mills
|
|
Pitching: LHP Ben Mills
|
|
|
Batting: LHB Adrian Navarro
|
0-0: Foul Ball, location: 2F 0-1: Ball 1-1: Foul Ball, location: 2F 1-2: Foul Ball, location: 2F 1-2: Strikes out swinging
|
|
Batting: LHB Ricardo Torres
|
0-0: Ball 1-0: Swinging Strike 1-1: Ball 2-1: Ground out 1-3 (Groundball, 13S, EV 71.2 MPH)
|
|
Batting: RHB Mike Storey
|
0-0: Called Strike 0-1: Foul Ball, location: 2F 0-2: Ball 1-2: Ball 2-2: Ball 3-2: Foul Ball, location: 2F 3-2: Foul Ball, location: 2F 3-2: Foul Ball, location: 2F 3-2: Foul Ball, location: 2F 3-2: Base on Balls
|
|
Batting: RHB Soichi Kaneshiro
|
0-0: Called Strike 0-1: Ball 1-1: SINGLE (Groundball, 6MS, EV 67.5 MPH) (infield hit) Mike Storey to second
|
|
Batting: SHB Michael Woodard
|
0-0: Ball 1-0: Ball 2-0: Called Strike 2-1: Ball 3-1: Called Strike 3-2: Fly out, F8 (Flyball, 8RM, EV 95.6 MPH)
|
| Top of the 1st over - 0 runs, 1 hit, 0 errors, 2 left on base; Kelowna 0 - Joplin 0 |
| BOTTOM OF THE 1ST |
|
Joplin Blasters batting - Pitching for Kelowna Heat : RHP Jerry Schlaak
|
|
Pitching: RHP Jerry Schlaak
|
|
|
Batting: RHB John Normand
|
0-0: Foul Ball, location: 2F 0-1: Ball 1-1: Swinging Strike 1-2: Strikes out swinging
|
|
Batting: RHB Mike McClung
|
0-0: SOLO HOME RUN (Flyball, 8RXD, EV 115.0 MPH), Distance : 457 ft
|
|
Batting: SHB Gary Woodroffe
|
0-0: Foul Ball, location: 2F 0-1: Foul Ball, location: 2F 0-2: Foul Ball, location: 2F 0-2: Ball 1-2: Ball 2-2: Ball 3-2: SINGLE (Groundball, 4MD, EV 100.0 MPH)
|
|
Batting: RHB Tanner Holland
|
0-0: Ball 1-0: Called Strike 1-1: Ball 2-1: Ball 3-1: Base on Balls Gary Woodroffe to second
|
|
Batting: RHB Mike Stokes
|
0-0: Ball 1-0: Ball 2-0: Foul Ball, location: 2F 2-1: Ball 3-1: Foul Ball, location: 2F 3-2: Base on Balls Gary Woodroffe to third Tanner Holland to second
|
|
Batting: RHB Nate Brewer
|
0-0: Called Strike 0-1: SINGLE (Line Drive, 9LS, EV 87.5 MPH) Gary Woodroffe scores Tanner Holland to third Mike Stokes to second
|
|
Batting: RHB Bobby Leon
|
0-0: Called Strike 0-1: Called Strike 0-2: Ball 1-2: Strikes out swinging
|
|
Batting: RHB Jimmy Black
|
0-0: Called Strike 0-1: Swinging Strike 0-2: Foul Ball, location: 2F 0-2: Ball 1-2: Ball 2-2: Strikes out swinging
|
| Bottom of the 1st over - 2 runs, 3 hits, 0 errors, 3 left on base; Kelowna 0 - Joplin 2 |
| TOP OF THE 2ND |
|
Kelowna Heat batting - Pitching for Joplin Blasters : LHP Ben Mills
|
|
Batting: RHB Sean Gilbert
|
0-0: Ball 1-0: Ball 2-0: Ball 3-0: Called Strike 3-1: Base on Balls
|
|
Batting: RHB Glen Limeburner
|
0-0: Swinging Strike 0-1: Swinging Strike 0-2: Strikes out swinging
|
|
Batting: RHB Joe Nelson
|
0-0: Ball 1-0: Ball 2-0: Called Strike 2-1: Foul Ball, location: 2F 2-2: Ball 3-2: Ground out 6-3 (Groundball, 6, EV 78.8 MPH) Sean Gilbert to second
|
|
Batting: RHB Danny Estrada
|
0-0: Called Strike 0-1: Ball 1-1: Ball 2-1: Foul Ball, location: 2F 2-2: Strikes out swinging
|
| Top of the 2nd over - 0 runs, 0 hits, 0 errors, 1 left on base; Kelowna 0 - Joplin 2 |
| BOTTOM OF THE 2ND |
|
Joplin Blasters batting - Pitching for Kelowna Heat : RHP Jerry Schlaak
|
|
Batting: RHB Danny Jefferies
|
0-0: Called Strike 0-1: Ball 1-1: Swinging Strike 1-2: Ground out 1-3 (Groundball, 13S, EV 63.1 MPH)
|
|
Batting: RHB John Normand
|
0-0: Ball 1-0: Ball 2-0: Fly out, F4 (Line Drive, 4M, EV 65.6 MPH)
|
|
Batting: RHB Mike McClung
|
0-0: Ball 1-0: Ball 2-0: Ball 3-0: Called Strike 3-1: Foul Ball, location: 2F 3-2: Strikes out swinging
|
| Bottom of the 2nd over - 0 runs, 0 hits, 0 errors, 0 left on base; Kelowna 0 - Joplin 2 |
| TOP OF THE 3RD |
|
Kelowna Heat batting - Pitching for Joplin Blasters : LHP Ben Mills
|
|
Batting: LHB Adrian Navarro
|
0-0: Ball 1-0: Called Strike 1-1: Ball 2-1: Foul Ball, location: 2F 2-2: Ball 3-2: Strikes out swinging
|
|
Batting: LHB Ricardo Torres
|
0-0: Foul Ball, location: 2F 0-1: Ball 1-1: SINGLE (Groundball, 34D, EV 97.5 MPH)
|
|
Batting: RHB Mike Storey
|
0-0: Called Strike 0-1: Ball 1-1: Ball 2-1: Foul Ball, location: 2F 2-2: Ball 3-2: SINGLE (Groundball, 6MD, EV 100.6 MPH) Ricardo Torres to second
|
|
Batting: RHB Soichi Kaneshiro
|
0-0: Called Strike 0-1: Ball 1-1: SINGLE (Groundball, 56D, EV 101.9 MPH) Ricardo Torres to third Mike Storey to second Runner from 3rd tries for Home, SAFE, throw by LF to home
|
|
Batting: SHB Michael Woodard
|
0-0: Ball 1-0: Fly out, F8 (Flyball, 8RD, EV 86.9 MPH)
|
|
Batting: RHB Sean Gilbert
|
0-0: Called Strike 0-1: Ball 1-1: Ball 2-1: Ball 3-1: Called Strike 3-2: Foul Ball, location: 2F 3-2: SINGLE (Line Drive, 4MD, EV 98.8 MPH) Mike Storey to third Soichi Kaneshiro to second Mike Storey scores Soichi Kaneshiro to third
|
|
Batting: RHB Glen Limeburner
|
0-0: Ball Wild Pitch! Soichi Kaneshiro scores Sean Gilbert to second 1-0: Ball 2-0: Called Strike 2-1: Ball 3-1: Base on Balls
|
|
Batting: RHB Joe Nelson
|
0-0: Called Strike 0-1: Ball 1-1: Swinging Strike 1-2: Fly out, F4 (Flyball, 4D, EV 88.1 MPH)
|
| Top of the 3rd over - 3 runs, 4 hits, 0 errors, 2 left on base; Kelowna 3 - Joplin 2 |
| BOTTOM OF THE 3RD |
|
Joplin Blasters batting - Pitching for Kelowna Heat : RHP Jerry Schlaak
|
|
Batting: SHB Gary Woodroffe
|
0-0: Ball 1-0: Called Strike 1-1: Foul Ball, location: 2F 1-2: Ball 2-2: Ball 3-2: Base on Balls
|
|
Batting: RHB Tanner Holland
|
0-0: Called Strike 0-1: Ball 1-1: Ball 2-1: Ball 3-1: Base on Balls Gary Woodroffe to second
|
|
Batting: RHB Mike Stokes
|
0-0: Foul Ball, location: 2F 0-1: Ball 1-1: Called Strike 1-2: Strikes out swinging
|
|
Batting: RHB Nate Brewer
|
0-0: Ball 1-0: Ball 2-0: Ball 3-0: Called Strike 3-1: Foul Ball, location: 2F 3-2: Base on Balls Gary Woodroffe to third Tanner Holland to second
|
|
Batting: RHB Bobby Leon
|
0-0: Ball 1-0: GRAND SLAM HOME RUN (Flyball, 9D, EV 101.9 MPH), Distance : 403 ft
|
|
Batting: RHB Jimmy Black
|
0-0: Ball 1-0: Ball 2-0: SINGLE (Line Drive, 8LS, EV 95.0 MPH)
|
|
Batting: RHB Danny Jefferies
|
0-0: Ball 1-0: Ball 2-0: Ball 3-0: Base on Balls Jimmy Black to second
|
|
Batting: RHB John Normand
|
0-0: Ball 1-0: Foul Ball, location: 2F 1-1: Ball 2-1: Called Strike 2-2: Ball 3-2: DOUBLE (Line Drive, 9LS, EV 98.8 MPH) Jimmy Black scores Danny Jefferies to third
|
|
Batting: RHB Mike McClung
|
0-0: Ball 1-0: SINGLE (Groundball, 6MD, EV 98.1 MPH) Danny Jefferies scores John Normand to third
|
|
Batting: SHB Gary Woodroffe
|
0-0: 3-RUN HOME RUN (Flyball, 9D, EV 106.2 MPH), Distance : 398 ft
|
|
Batting: RHB Tanner Holland
|
0-0: SOLO HOME RUN (Flyball, 78XD, EV 101.9 MPH), Distance : 402 ft
|
|
Batting: RHB Mike Stokes
|
0-0: Ball 1-0: Swinging Strike 1-1: Ball 2-1: Ball 3-1: Foul Ball, location: 2F 3-2: Base on Balls
|
|
Batting: RHB Nate Brewer
|
0-0: 2-RUN HOME RUN (Flyball, 89XD, EV 99.4 MPH), Distance : 418 ft
|
|
Batting: RHB Bobby Leon
|
0-0: Fly out, F9 (Flyball, 89M, EV 91.9 MPH)
|
|
Batting: RHB Jimmy Black
|
0-0: Ball 1-0: SINGLE (Groundball, 4MD, EV 98.8 MPH)
|
|
Batting: RHB Danny Jefferies
|
0-0: Ball 1-0: Ball 2-0: Ball 3-0: Called Strike 3-1: Base on Balls Jimmy Black to second
|
|
Batting: RHB John Normand
|
0-0: Reached on error, E6 (Groundball, 6, EV 86.2 MPH) Jimmy Black to third Danny Jefferies to second
|
|
Batting: RHB Mike McClung
|
0-0: Fly out, F9 (Line Drive, 9S, EV 95.6 MPH)
|
| Bottom of the 3rd over - 12 runs, 8 hits, 1 error, 3 left on base; Kelowna 3 - Joplin 14 |
| TOP OF THE 4TH |
|
Kelowna Heat batting - Pitching for Joplin Blasters : LHP Ben Mills
|
|
Pitching: RHP Brian Owens
|
|
|
Batting: RHB Danny Estrada
|
0-0: Called Strike 0-1: Foul Ball, location: 2F 0-2: Ball 1-2: Foul Ball, location: 2F 1-2: Strikes out swinging
|
|
Batting: LHB Adrian Navarro
|
0-0: Ball 1-0: Swinging Strike 1-1: Ball 2-1: Ball 3-1: Foul Ball, location: 2F 3-2: Foul Ball, location: 2F 3-2: Strikes out swinging
|
|
Batting: LHB Ricardo Torres
|
0-0: Ground out 4-3 (Groundball, 4, EV 76.9 MPH)
|
| Top of the 4th over - 0 runs, 0 hits, 0 errors, 0 left on base; Kelowna 3 - Joplin 14 |
| BOTTOM OF THE 4TH |
|
Joplin Blasters batting - Pitching for Kelowna Heat : RHP Jerry Schlaak
|
|
Batting: SHB Gary Woodroffe
|
0-0: Fly out, F7 (Flyball, 78S, EV 73.8 MPH)
|
|
Batting: RHB Tanner Holland
|
0-0: SINGLE (Groundball, 5D, EV 95.0 MPH)
|
|
Batting: RHB Mike Stokes
|
0-0: Foul Ball, location: 2F 0-1: Ball 1-1: Ball 2-1: Ball 3-1: Base on Balls Tanner Holland to second
|
|
Batting: RHB Nate Brewer
|
0-0: Ball 1-0: Called Strike 1-1: Called Strike 1-2: Strikes out swinging
|
|
Batting: RHB Bobby Leon
|
0-0: Ball 1-0: Foul Ball, location: 2F 1-1: Ball 2-1: Foul Ball, location: 2F 2-2: Strikes out swinging
|
| Bottom of the 4th over - 0 runs, 1 hit, 0 errors, 2 left on base; Kelowna 3 - Joplin 14 |
| TOP OF THE 5TH |
|
Kelowna Heat batting - Pitching for Joplin Blasters : RHP Brian Owens
|
|
Batting: RHB Mike Storey
|
0-0: Ball 1-0: Ball 2-0: Called Strike 2-1: Swinging Strike 2-2: Ball 3-2: SOLO HOME RUN (Flyball, 7D, EV 95.0 MPH), Distance : 382 ft
|
|
Batting: RHB Soichi Kaneshiro
|
0-0: Reached on error, E4 (Groundball, 4, EV 90.6 MPH)
|
|
Batting: SHB Michael Woodard
|
0-0: Called Strike Soichi Kaneshiro steals 2nd, throwing error, E2 Soichi Kaneshiro to third 0-1: Ball 1-1: Ground out 6-3 (Groundball, 6, EV 105.0 MPH) Soichi Kaneshiro scores
|
|
Batting: RHB Sean Gilbert
|
0-0: Ball 1-0: Ball 2-0: Ball 3-0: Called Strike 3-1: Called Strike 3-2: Strikes out swinging
|
|
Batting: RHB Glen Limeburner
|
0-0: Swinging Strike 0-1: Foul Ball, location: 2F 0-2: Strikes out swinging
|
| Top of the 5th over - 2 runs, 1 hit, 2 errors, 0 left on base; Kelowna 5 - Joplin 14 |
| BOTTOM OF THE 5TH |
|
Joplin Blasters batting - Pitching for Kelowna Heat : RHP Jerry Schlaak
|
|
Batting: RHB Jimmy Black
|
0-0: Ground out 4-3 (Groundball, 4S, EV 93.1 MPH)
|
|
Batting: RHB Danny Jefferies
|
0-0: Ball 1-0: Foul Ball, location: 2F 1-1: Swinging Strike 1-2: Ball 2-2: Foul Ball, location: 2F 2-2: Strikes out looking
|
|
Batting: RHB John Normand
|
0-0: Ball 1-0: Called Strike 1-1: Foul Ball, location: 2F 1-2: Foul Ball, location: 2F 1-2: Foul Ball, location: 2F 1-2: Strikes out swinging
|
| Bottom of the 5th over - 0 runs, 0 hits, 0 errors, 0 left on base; Kelowna 5 - Joplin 14 |
| TOP OF THE 6TH |
|
Kelowna Heat batting - Pitching for Joplin Blasters : RHP Brian Owens
|
|
Batting: RHB Joe Nelson
|
0-0: Called Strike 0-1: Ball 1-1: Foul Ball, location: 2F 1-2: Ball 2-2: Foul Ball, location: 2F 2-2: Strikes out swinging
|
|
Batting: RHB Danny Estrada
|
0-0: Ball 1-0: Called Strike 1-1: Ball 2-1: Ball 3-1: Foul Ball, location: 2F 3-2: Strikes out looking
|
|
Batting: LHB Adrian Navarro
|
0-0: Ball 1-0: Called Strike 1-1: Ball 2-1: Swinging Strike 2-2: Foul Ball, location: 2F 2-2: Foul Ball, location: 2F 2-2: Strikes out swinging
|
| Top of the 6th over - 0 runs, 0 hits, 0 errors, 0 left on base; Kelowna 5 - Joplin 14 |
| BOTTOM OF THE 6TH |
|
Joplin Blasters batting - Pitching for Kelowna Heat : RHP Jerry Schlaak
|
|
Batting: RHB Mike McClung
|
0-0: Called Strike 0-1: Foul Ball, location: 2F 0-2: Foul Ball, location: 2F 0-2: Strikes out swinging
|
|
Batting: SHB Gary Woodroffe
|
0-0: SINGLE (Groundball, 4MD, EV 97.5 MPH)
|
|
Batting: RHB Tanner Holland
|
0-0: Foul Ball, location: 2F 0-1: 2-RUN HOME RUN (Flyball, 78XD, EV 104.4 MPH), Distance : 414 ft
|
|
Batting: RHB Mike Stokes
|
0-0: TRIPLE (Line Drive, 9LD, EV 106.2 MPH)
|
|
Batting: RHB Nate Brewer
|
0-0: Ground out 3-1 (Groundball, 34, EV 78.1 MPH) Mike Stokes scores
|
|
Batting: RHB Bobby Leon
|
0-0: Ball 1-0: Ball 2-0: Fly out, F9 (Flyball, 89D, EV 99.4 MPH)
|
| Bottom of the 6th over - 3 runs, 3 hits, 0 errors, 0 left on base; Kelowna 5 - Joplin 17 |
| TOP OF THE 7TH |
|
Kelowna Heat batting - Pitching for Joplin Blasters : RHP Brian Owens
|
|
Batting: LHB Ricardo Torres
|
0-0: Ball 1-0: Called Strike 1-1: Called Strike 1-2: Fly out, F9 (Flyball, 9, EV 96.9 MPH)
|
|
Batting: RHB Mike Storey
|
0-0: Ball 1-0: Ball 2-0: Foul Ball, location: 2F 2-1: Foul Ball, location: 2F 2-2: Foul Ball, location: 2F 2-2: Ball 3-2: Base on Balls
|
|
Pitching: RHP Omar Flores
|
|
|
Batting: RHB Soichi Kaneshiro
|
0-0: Called Strike 0-1: Ball 1-1: Foul Ball, location: 2F 1-2: Ball 2-2: Foul Ball, location: 2F 2-2: Strikes out swinging
|
|
Batting: SHB Michael Woodard
|
0-0: Foul Ball, location: 2F 0-1: Foul Ball, location: 2F 0-2: Ball 1-2: Ball 2-2: Ball 3-2: Strikes out swinging
|
| Top of the 7th over - 0 runs, 0 hits, 0 errors, 1 left on base; Kelowna 5 - Joplin 17 |
| BOTTOM OF THE 7TH |
|
Joplin Blasters batting - Pitching for Kelowna Heat : RHP Jerry Schlaak
|
|
Batting: RHB Jimmy Black
|
0-0: Ball 1-0: Ball 2-0: Ball 3-0: Called Strike 3-1: Foul Ball, location: 2F 3-2: Base on Balls
|
|
Pinch Hitting: LHB Josh Lane
|
0-0: Fielders Choice at 2nd, 3-6 (Groundball, 3, EV 86.9 MPH)
|
|
Pinch Hitting: RHB Dustin Peterson
|
0-0: Swinging Strike 0-1: Called Strike 0-2: Strikes out swinging
|
|
Batting: RHB Mike McClung
|
0-0: Reached on error, E3 (Groundball, 34, EV 104.4 MPH) Josh Lane to second
|
|
Batting: SHB Gary Woodroffe
|
0-0: Foul Ball, location: 2F 0-1: Foul Ball, location: 2F 0-2: Fly out, F7 (Line Drive, 78M, EV 100.6 MPH)
|
| Bottom of the 7th over - 0 runs, 0 hits, 1 error, 2 left on base; Kelowna 5 - Joplin 17 |
| TOP OF THE 8TH |
|
Kelowna Heat batting - Pitching for Joplin Blasters : RHP Omar Flores
|
|
Now at SS: Josh Lane
|
|
|
Now in LF: Matt Weddle
|
|
|
Batting: RHB Sean Gilbert
|
0-0: Fly out, F6 (Line Drive, 6, EV 70.0 MPH)
|
|
Batting: RHB Glen Limeburner
|
0-0: Called Strike 0-1: Foul Ball, location: 2F 0-2: Ball 1-2: Strikes out looking
|
|
Batting: RHB Joe Nelson
|
0-0: Foul Ball, location: 2F 0-1: Ball 1-1: Foul Ball, location: 2F 1-2: Foul Ball, location: 2F 1-2: Ball 2-2: Ball 3-2: Foul Ball, location: 2F 3-2: Strikes out looking
|
| Top of the 8th over - 0 runs, 0 hits, 0 errors, 0 left on base; Kelowna 5 - Joplin 17 |
| BOTTOM OF THE 8TH |
|
Joplin Blasters batting - Pitching for Kelowna Heat : RHP Jerry Schlaak
|
|
Batting: RHB Tanner Holland
|
0-0: Foul Ball, location: 2F 0-1: Ball 1-1: Foul Ball, location: 2F 1-2: Foul Ball, location: 2F 1-2: Strikes out looking
|
|
Batting: RHB Mike Stokes
|
0-0: Ball 1-0: Fly out, F8 (Flyball, 8RD, EV 90.6 MPH)
|
|
Batting: RHB Nate Brewer
|
0-0: Called Strike 0-1: Called Strike 0-2: Strikes out swinging
|
| Bottom of the 8th over - 0 runs, 0 hits, 0 errors, 0 left on base; Kelowna 5 - Joplin 17 |
| TOP OF THE 9TH |
|
Kelowna Heat batting - Pitching for Joplin Blasters : RHP Omar Flores
|
|
Batting: RHB Danny Estrada
|
0-0: Swinging Strike 0-1: Foul Ball, location: 2F 0-2: Strikes out looking
|
|
Batting: LHB Adrian Navarro
|
0-0: Ball 1-0: Ball 2-0: Ball 3-0: Called Strike 3-1: Swinging Strike 3-2: Foul Ball, location: 2F 3-2: Strikes out swinging
|
|
Batting: LHB Ricardo Torres
|
0-0: Called Strike 0-1: SINGLE (Groundball, 6MD, EV 104.4 MPH)
|
|
Batting: RHB Mike Storey
|
0-0: Called Strike 0-1: Called Strike 0-2: Ball 1-2: Ball 2-2: Ball 3-2: Strikes out swinging
|
| Top of the 9th over - 0 runs, 1 hit, 0 errors, 1 left on base; Kelowna 5 - Joplin 17 |
|